 Dungeon Crawl Stone Soup version 0.25-a0-700-g7f8a7979f0 (webtiles) character file.

Game seed: 6507409841056726766, levelgen mode: deterministic

513 kae the Ruffian (level 7, -7/46 HPs)
             Began as a Grey Draconian Transmuter on Apr 2, 2020.
             Was an Initiate of Hepliaklqana.
             Mangled by an ice beast (14 damage)
             ... on level 5 of the Dungeon.
             The game lasted 00:03:52 (4629 turns).

kae the Ruffian (Grey Draconian Transmuter)         Turns: 4629, Time: 00:03:52

Health: -7/46      AC: -6    Str: 12    XL:     7   Next: 0%
Magic:  7/12       EV: 19    Int: 16    God:    Hepliaklqana [......]
Gold:   224        SH:  0    Dex: 16    Spells: 7/13 levels left

rFire    . . .     SeeInvis .     - Unarmed
rCold    . . .     Gourm    .   (shield currently unavailable)
rNeg     . . .     Faith    .   (armour unavailable)
rPois    x         Spirit   .   (helmet currently unavailable)
rElec    .         Reflect  .   (cloak currently unavailable)
rCorr    .         Harm     .   (gloves currently unavailable)
MR       .....                  (boots currently unavailable)
Stlth    +.........             (no amulet)
HPRegen  0.15/turn              (no ring)
MPRegen  0.13/turn              (no ring)

@: spider-form, corroded
A: tiny, (walk through water), unfitting armour, reduced essence, AC +11
a: End Transformation, Recall Ancestor, Ancestor Identity, Renounce Religion


You were on level 5 of the Dungeon.
You worshipped Hepliaklqana.
Hepliaklqana was noncommittal.
You were not hungry.
You were a venomous arachnid creature.
You visited 1 branch of the dungeon, and saw 5 of its levels.

You collected 224 gold pieces.

Inventory:

Missiles
 a - 82 arrows
Armour
 g - a +0 cloak (melded)
Scrolls
 b - a scroll of identify
Potions
 d - 4 potions of brilliance
 e - 2 potions of haste
 h - 2 potions of flight
 i - a potion of mutation
Comestibles
 c - 11 rations


   Skills:
 - Level 1.1 Fighting
 - Level 1.7 Dodging
 * Level 6.0 Unarmed Combat
 + Level 3.8 Spellcasting
 + Level 4.0 Transmutations


You had 7 spell levels left.
You knew the following spells:

 Your Spells              Type           Power        Failure   Level  Hunger
a - Beastly Appendage     Tmut           ###...       11%         1    None
b - Sticks to Snakes      Tmut           ###.....     14%         2    ##.....
c - Spider Form           Tmut/Pois      #.........   43%         3    ###....

Your spell library contained the following spells:

 Spells                   Type           Power        Failure   Level  Hunger
 Ice Form                 Ice/Tmut       #.......     78%         4    ####...
 Blade Hands              Tmut           ###.......   83%         5    ######.


Dungeon Overview and Level Annotations

Branches:
Dungeon (5/15)
 Temple: D:4-7

Altars:
Elyvilon
Fedhas
Hepliaklqana
Makhleb
Sif Muna
Vehumet
Wu Jian
Yredelemnul

Portals:
Abyss: D:4

Annotations:
D:3 2 transporters, Esekla's ghost, amateur FoAK
D:4 2 transporters, grmr's ghost, amateur GnCK


Innate Abilities, Weirdness & Mutations

((You can walk through water.))
((Your dull iron-grey scales are very hard. (AC +11)))
You cannot fit into any form of body armour.
((You can survive without breathing.))
((You are cold-blooded and may be slowed by cold attacks.))
Your life essence is reduced to manifest your ancestor. (-10% HP)


Message History

You don't have the energy to cast that spell.
Unknown command.
You closely miss the crimson imp.
Your tail-slap misses the crimson imp.
The ice beast completely misses you.
Okay, then.
You eat one of the 12 rations.
That ration really hit the spot!
The crimson imp hits you but does no damage.
The ice beast hits you. The ice beast freezes you!
You feel yourself slow down.
Casting: Spider Form (safe; 22% risk of failure)
Confirm with . or Enter, or press ? or * to list all spells.
You turn into a venomous arachnid creature.
Your +0 cloak melds into your body.
The crimson imp blinks! Æðelind hits the ice beast.
The ice beast hits you. The ice beast freezes you!
* * * LOW HITPOINT WARNING * * *
Æðelind hits the ice beast but does no damage.
You feel yourself speed up. The ice beast closely misses you.
The ice beast hits you.
* * * LOW HITPOINT WARNING * * *
The ice beast freezes you!
You die...

#.....##.# #.#.
###.####.# ##..
#......# ### #
#.###### # .#
#.# ##.#####
.#######.#
........
.........# ...##
##. .######..#
#..# #.%
#Rs.5...# .....
.... #Y####..#
#.#####.... #s#
#..# .#
#.#.###.# #..#
.. ##.....#.#
#..# ..
......Y#.####..#
..
.....s.........#
##.....######..#
#.....


You could see the friendly Æðelind the ancestor, an ice beast, a crimson imp and
a giant cockroach.

Vanquished Creatures
  A centaur (D:5)
  A scorpion (D:4)
  A crimson imp (D:5)
  A hound (D:4)
  Crazy Yiuf (D:3)
  A bullfrog skeleton (D:5)
  An iguana (D:4)
  A worker ant (D:4)
  6 adders
  A shadow imp (D:5)
  An ooze (D:1)
  4 worms
  3 dart slugs
  3 leopard geckos (D:3)
  12 orcs
  2 ball pythons
  12 bats
  3 giant cockroaches
  7 goblins
  13 hobgoblins
  2 jackals (D:5)
  3 kobolds
  6 frilled lizards
  A giant cockroach zombie (D:5)
  A leopard gecko skeleton (D:5)
  8 rats
96 creatures vanquished.

Vanquished Creatures (collateral kills)
  A jelly (D:5)
  A worm (D:3)
  A bat (D:3)
  A jackal (D:5)
  A goblin (D:3)
5 creatures vanquished.

Vanquished Creatures (others)
  An ancestor (D:5)
  A giant cockroach (D:2)
2 creatures vanquished.

Grand Total: 103 creatures vanquished

Notes
Turn   | Place    | Note
-------+----------+-------------------------------------------
     0 | D:1      | kae the Draconian Transmuter began the quest for the Orb.
     0 | D:1      | Reached XP level 1. HP: 16/16 MP: 3/3
   152 | D:1      | Reached XP level 2. HP: 10/23 MP: 5/5
  1051 | D:1      | Reached XP level 3. HP: 15/28 MP: 4/6
  1195 | D:1      | Learned a level 2 spell: Sticks to Snakes
  1199 | D:1      | Learned a level 3 spell: Spider Form
  1760 | D:2      | Reached skill level 4 in Unarmed Combat
  1988 | D:3      | Reached XP level 4. HP: 34/35 MP: 0/8
  2252 | D:3      | Found a transporter.
  2253 | D:3      | Noticed Esekla's ghost (amateur FoAK)
  2285 | D:3      | Found a transporter.
  2774 | D:3      | Found a runed translucent door.
  2775 | D:3      | Noticed Crazy Yiuf
  2902 | D:3      | Killed Crazy Yiuf
  2902 | D:3      | Reached XP level 5. HP: 27/40 MP: 2/9
  3074 | D:4      | Found a white marble altar of Elyvilon.
  3156 | D:4      | Found a transporter.
  3162 | D:4      | Found a one-way gate to the infinite horrors of the Abyss.
  3162 | D:4      | Noticed grmr's ghost (amateur GnCK)
  3166 | D:4      | Found a transporter.
  3196 | D:4      | Found an ornate altar of the Wu Jian Council.
  3332 | D:4      | Reached skill level 5 in Unarmed Combat
  3570 | D:4      | Reached XP level 6. HP: 47/47 MP: 5/11
  3693 | D:4      | Found a basalt altar of Yredelemnul.
  3773 | D:5      | Entered Level 5 of the Dungeon
  3827 | D:5      | Found a burning altar of Makhleb.
  3828 | D:5      | Found a blossoming altar of Fedhas.
  3832 | D:5      | Found a shimmering blue altar of Sif Muna.
  3843 | D:5      | Found a radiant altar of Vehumet.
  3843 | D:5      | Found a hazy altar of Hepliaklqana.
  4000 | D:5      | Became a worshipper of Hepliaklqana the Forgotten
  4240 | D:5      | HP: 2/42 [centaur/cursed -3 shortbow (5)]
  4609 | D:5      | Noticed an ice beast
  4616 | D:5      | Reached skill level 6 in Unarmed Combat
  4616 | D:5      | Your scales start taking on a dull iron-grey colour.
  4616 | D:5      | Reached XP level 7. HP: 17/46 MP: 9/12
  4616 | D:5      | Gained mutation: You can survive without breathing. [Grey
                  | Draconian growth]
  4629 | D:5      | Mangled by an ice beast

Levels and vault maps discovered:
D:1:      dpeg_arrival_tiny_k, layout_basic, minivault_4, minmay_crystal_water
D:2:      layout_rooms, lemuel_old_faithful
D:3:      layout_loops_ring, first_ration, gammafunk_ghost_stat_death,
          uniq_crazy_yiuf_cottage
D:4:      layout_loops_ring, kennysheep_ying_yang, lemuel_doored_altar,
          gammafunk_ghost_abyssal_escape, chequers_decorated_corner
D:5:      layout_loops_ring, grunt_temple_overflow_open, hex_tiny,
          kennysheep_generic_room_16

Skill      XL: |  1  2  3  4  5  6 |
---------------+-------------------+-----
Unarmed Combat | 4 5 6 |  6.0
Transmutations | 3 4 |  4.0
Spellcasting   | 3 |  3.8
Fighting       | |  1.1
Dodging        | |  1.7

Action                   |  1- 3 |  4- 6 |  7- 9 || total
-------------------------+-------+-------+-------++-------
Melee: Unarmed           |   148 |   203 |     7 ||   358
       Tailslap          |     9 |     8 |       ||    17
       Kick              |     4 |     2 |       ||     6
       Headbutt          |     2 |     1 |       ||     3
       Punch             |       |     2 |       ||     2
 Cast: Beastly Appendage |    15 |     6 |       ||    21
       Spider Form       |     5 |    15 |     1 ||    21
       Sticks to Snakes  |       |     1 |       ||     1
  Use: Scroll            |       |     9 |       ||     9
       Potion            |       |     3 |     1 ||     4
 Stab: Sleeping          |     1 |       |       ||     1
  Eat: Chunk             |     5 |     9 |       ||    14
       Ration            |       |       |     1 ||     1
Armor: Skin              |    53 |    45 |     1 ||    99
Dodge: Dodged            |   111 |   159 |     7 ||   277

Table legend:
 A = Non-vault XP
 B = Vault XP
 C = Vault XP percentage of total XP
 D = Non-vault monster count
 E = Vault monster count
 F = Vault count percentage of total count
                 A         B        C        D         E       F
            +---------+---------+-------+---------+---------+-------
      Total |     693 |      40 |   5.5 |     100 |       1 |   1.0
            +---------+---------+-------+---------+---------+-------
        D:1 |      39 |       0 |   0.0 |      20 |       0 |   0.0
        D:2 |      53 |       0 |   0.0 |      21 |       0 |   0.0
        D:3 |      90 |      40 |  30.8 |      27 |       1 |   3.6
        D:4 |     224 |       0 |   0.0 |      12 |       0 |   0.0
        D:5 |     287 |       0 |   0.0 |      20 |       0 |   0.0
            +---------+---------+-------+---------+---------+-------
